 Dungeon Crawl Stone Soup version 0.22-a0-271-gc000056 (webtiles) character file.

9999 nikopol the Thaumaturge (level 11, -6/56 HPs)
             Began as a Deep Elf Fire Elementalist on Mar 13, 2018.
             Mangled by a sixfirhy (10 damage)
             ... summoned by an obsidian statue
             ... on level 9 of the Dungeon.
             The game lasted 00:36:41 (11099 turns).

nikopol the Thaumaturge (DEFE)                     Turns: 11099, Time: 00:36:41

Health: -6/56      AC:  6    Str:  5    XL:     11   Next: 30%
Magic:  38/38      EV: 15    Int: 24    God:
Gold:   472        SH:  0    Dex: 15    Spells: 17/35 levels left

rFire    + . .     SeeInvis .   y - +1 dagger (venom)
rCold    x . .     Gourm    .   (no shield)
rNeg     . . .     Faith    .   a - +0 robe
rPois    .         Spirit   .   (no helmet)
rElec    .         Reflect  .   j - +1 cloak
rCorr    .         Harm     .   s - +1 pair of gloves
MR       +....                  (no boots)
Stlth    +++.......             (no amulet)
HPRegen  0.18/turn              D - ring of fire
MPRegen  0.26/turn              A - ring of magical power

@: no status effects
A: no striking features
a: no special abilities


You were on level 9 of the Dungeon.
You were not hungry.

You visited 1 branch of the dungeon, and saw 9 of its levels.

You collected 472 gold pieces.

Inventory:

Hand Weapons
 y - a +1 dagger of venom (weapon)
Armour
 a - a +0 robe (worn)
 j - a +1 cloak (worn)
 s - a +1 pair of gloves (worn)
Jewellery
 k - an uncursed ring of poison resistance
 o - an uncursed ring of positive energy
 A - a ring of magical power (right hand)
 D - a ring of fire (left hand)
 F - an uncursed ring of protection from magic
 G - an uncursed ring of resist corrosion
Wands
 g - a wand of disintegration (13)
 n - a wand of polymorph (10)
Scrolls
 b - 3 scrolls of amnesia
 d - 3 scrolls of enchant armour
 p - 5 scrolls of teleportation {unknown}
 r - a scroll of blinking {unknown}
 v - a scroll of magic mapping {unknown}
 w - 3 scrolls of remove curse
 x - a scroll of fog {unknown}
Potions
 h - 2 potions of invisibility {unknown}
 i - 4 potions of flight
 l - a potion of magic {unknown}
 m - 2 potions of cancellation
 q - a potion of lignification {unknown}
 t - a potion of might {unknown}
 u - 3 potions of heal wounds
 C - 3 potions of haste
 E - a potion of agility {unknown}
Comestibles
 c - 19 rations
 f - 5 chunks of flesh


   Skills:
 + Level 1.0 Fighting
 + Level 5.3 Dodging
 + Level 4.6 Stealth
 + Level 12.9 Spellcasting
 + Level 10.3 Conjurations
 + Level 1.3 Hexes
 + Level 11.4 Fire Magic


You had 17 spell levels left.
You knew the following spells:

 Your Spells              Type           Power        Failure   Level  Hunger
a - Flame Tongue          Conj/Fire      #####        1%          1    None
b - Throw Flame           Conj/Fire      ######       1%          2    None
c - Conjure Flame         Conj/Fire      #######.     1%          3    None
d - Sticky Flame          Conj/Fire      #######.     1%          4    None
e - Fireball              Conj/Fire      #######...   1%          5    ###....
f - Dazzling Spray        Conj/Hex       #####.       1%          3    None


Dungeon Overview and Level Annotations

Branches:
Dungeon (9/15)             Temple (0/1) D:7
   Lair: D:8-11         Orc: D:9-12

Altars:
Ashenzari
Fedhas
Gozag
Nemelex Xobeh
Qazlal
Ru
Wu Jian

Annotations:
D:9 exclusion: obsidian statue


Message History

Marking area around the obsidian statue as unsafe for travelling.
An obsidian statue comes into view.
Found a sack of spiders.
Casting: Fireball (safe; 1% risk of failure)
Confirm with . or Enter, or press ? or * to list all spells.
You can't see any susceptible monsters within range! (Use Z to cast anyway.)
Found a mace and a ration.
A wight comes into view. It is wielding a battleaxe.
The obsidian statue's eyes glow briefly.
The sixfirhy barely misses you. x2
The sixfirhy closely misses you. The sixfirhy hits you!
The sixfirhy shocks you! The sixfirhy misses you. The sixfirhy hits you.
The sixfirhy shocks you! The sixfirhy closely misses you.
The sixfirhy hits you! The sixfirhy shocks you!
* * * LOW HITPOINT WARNING * * *
The sixfirhy hits you.
* * * LOW HITPOINT WARNING * * *
The sixfirhy shocks you!
You die...

#........######...
#......4.#
#........# #...
#........# #...
#........# #...
#........# #...
#........# #...
#3.......# #...
#@.......# #...
#........# #...
#<.......# #...
#........# #...
#........# #..[
#.....)..# #...
#......).# #...
#........######...
...................


You could see a sixfirhy and a chaos spawn.

Vanquished Creatures
  A hydra (D:8)
  A queen ant (D:8)
  Prince Ribbit (D:6)
  2 dream sheep (D:8)
  Sigmund (D:6)
  8 yaks
  A hungry ghost (D:7)
  20 soldier ants (D:8)
  Menkaure (D:6)
  Duvessa (D:6)
  3 orc warriors
  4 ice beasts
  A sky beast (D:5)
  2 black bears (D:8)
  A necrophage (D:5)
  2 phantoms (D:4)
  The ghost of grindst0ne the Insei, an amateur DgTm (D:3)
  4 centaurs
  3 ogres
  4 big kobolds
  Blork the orc (D:6)
  2 bullfrogs (D:7)
  A scorpion (D:6)
  Dowan (D:6)
  5 killer bees (D:9)
  A howler monkey (D:5)
  4 crimson imps
  A centaur zombie (D:5)
  3 hounds
  2 jellies
  Crazy Yiuf (D:2)
  7 orc priests
  Ijyb (D:3)
  Jessica (D:2)
  2 iguanas
  22 worker ants
  9 orc wizards
  A hound zombie (D:6)
  A hound skeleton (D:8)
  Robin (D:2)
  4 gnolls (D:9)
  7 adders
  A shadow imp (D:6)
  An adder skeleton (D:5)
  2 worms
  5 dart slugs
  5 leopard geckos
  23 orcs
  4 giant cockroaches
  7 goblins
  7 hobgoblins
  4 jackals (D:1)
  6 quokkas
  A ball python (D:4)
  4 bats
  6 frilled lizards
  10 kobolds
  3 rats (D:3)
  A plant (D:8)
230 creatures vanquished.

Notes
Turn   | Place    | Note
-------+----------+-------------------------------------------
     0 | D:1      | nikopol the Deep Elf Fire Elementalist began the quest for the Orb.
     0 | D:1      | Reached XP level 1. HP: 10/10 MP: 6/6
    82 | D:1      | Reached XP level 2. HP: 15/15 MP: 2/8
   727 | D:2      | Found a runed door.
   753 | D:2      | Noticed Robin
   769 | D:2      | Reached XP level 3. HP: 6/19 MP: 2/10
   982 | D:1      | Learned a level 2 spell: Throw Flame
   986 | D:1      | Learned a level 3 spell: Conjure Flame
  1112 | D:2      | Killed Robin
  1284 | D:2      | Reached XP level 4. HP: 24/24 MP: 4/11
  1516 | D:2      | Noticed Jessica
  1523 | D:2      | Killed Jessica
  1523 | D:2      | Reached skill level 4 in Spellcasting
  1647 | D:2      | Noticed Crazy Yiuf
  1655 | D:2      | Killed Crazy Yiuf
  1655 | D:2      | Reached skill level 5 in Fire Magic
  1760 | D:3      | Noticed Ijyb
  1913 | D:3      | Reached XP level 5. HP: 28/28 MP: 6/13
  1919 | D:3      | Learned a level 4 spell: Sticky Flame
  2099 | D:3      | Noticed grindst0ne's ghost (amateur DgTm)
  2495 | D:3      | Killed Ijyb
  2495 | D:3      | Reached XP level 6. HP: 32/32 MP: 8/15
  2727 | D:3      | Found an opulent altar of Gozag.
  2745 | D:3      | Found a shattered altar of Ashenzari.
  2746 | D:3      | Found a stormy altar of Qazlal.
  2958 | D:3      | Killed grindst0ne's ghost
  2958 | D:3      | Reached skill level 5 in Spellcasting
  3699 | D:4      | Reached XP level 7. HP: 32/36 MP: 2/17
  3996 | D:5      | Entered Level 5 of the Dungeon
  4101 | D:5      | Reached skill level 6 in Spellcasting
  4960 | D:5      | Reached skill level 7 in Spellcasting
  4960 | D:5      | Reached XP level 8. HP: 38/42 MP: 13/20
  5056 | D:5      | Learned a level 5 spell: Fireball
  5060 | D:5      | Learned a level 3 spell: Dazzling Spray
  5188 | D:5      | Reached skill level 5 in Conjurations
  5834 | D:6      | Noticed Prince Ribbit
  5939 | D:6      | Killed Prince Ribbit
  5939 | D:6      | Reached skill level 8 in Spellcasting
  6071 | D:6      | Noticed Sigmund
  6083 | D:6      | Killed Sigmund
  6339 | D:6      | Reached XP level 9. HP: 46/46 MP: 21/23
  6363 | D:6      | Reached skill level 9 in Spellcasting
  6384 | D:6      | Noticed Duvessa
  6384 | D:6      | Noticed Dowan
  6386 | D:6      | Killed Dowan
  6389 | D:6      | Killed Duvessa
  6392 | D:6      | Noticed Menkaure
  6626 | D:6      | Killed Menkaure
  6823 | D:6      | Noticed Blork the orc
  6826 | D:6      | Killed Blork the orc
  7225 | D:7      | Reached skill level 10 in Spellcasting
  7494 | D:7      | Found a staircase to the Ecumenical Temple.
  8831 | D:8      | Reached XP level 10. HP: 51/51 MP: 16/26
  8836 | D:8      | Reached skill level 1 in Hexes
  8935 | D:8      | Reached skill level 11 in Spellcasting
  9522 | D:8      | Reached skill level 10 in Fire Magic
 10016 | D:8      | Reached skill level 12 in Spellcasting
 10057 | D:8      | Noticed a queen ant
 10062 | D:8      | Killed a queen ant
 10195 | D:8      | Found a sparkling altar of Nemelex Xobeh.
 10195 | D:8      | Found a sacrificial altar of Ru.
 10200 | D:8      | Found a faded altar of an unknown god.
 10202 | D:8      | Found a blossoming altar of Fedhas.
 10204 | D:8      | Found an ornate altar of the Wu Jian Council.
 10351 | D:8      | Reached skill level 5 in Dodging
 10351 | D:8      | Reached XP level 11. HP: 40/55 MP: 12/29
 10469 | D:8      | Noticed a three-headed hydra
 10473 | D:8      | Killed a three-headed hydra
 10473 | D:8      | Reached skill level 10 in Conjurations
 11011 | D:9      | Reached skill level 1 in Fighting
 11082 | D:9      | Noticed an obsidian statue
 11085 | D:9      | Noticed a sixfirhy
 11099 | D:9      | Mangled by a sixfirhy

Vault maps used:
D:1:      lightli_arrival_chessboard
D:2:      first_ration, uniq_crazy_yiuf_cottage, uniq_robin, uniq_jessica
D:3:      lemuel_doored_altar, gammafunk_temple_overflow_statue, minivault_5,
          uniq_ijyb
D:5:      hangedman_decor_push, lightli_corner_chamber
D:6:      uniq_duvessa, uniq_sigmund, uniq_blork_the_orc, uniq_prince_ribbit1,
          uniq_menkaure
D:7:      minmay_temple_entry_junction
D:8:      chequers_temple_overflow_minitemple, hangedman_ranch, minivault_29
D:9:      led_sif_pool, minivault_16

Skill      XL: |  1  2  3  4  5  6  7  8  9 10 11 |
---------------+----------------------------------+-----
Dodging        | 3 4 5 |  5.3
Fire Magic     | 4 5 6 7 9 10 11 | 11.4
Spellcasting   | 4 5 7 8 10 12 | 12.9
Stealth        | 3 4 |  4.6
Conjurations   | 2 3 4 6 8 9 10 | 10.3
Hexes          | 1 |  1.3
Fighting       | 1 |  1.0

Action                   |  1- 3 |  4- 6 |  7- 9 | 10-12 || total
-------------------------+-------+-------+-------+-------++-------
Melee: Unarmed           |       |       |     1 |       ||     1
       Dagger            |       |       |     1 |     2 ||     3
 Cast: Flame Tongue      |    45 |   109 |   167 |    85 ||   406
       Conjure Flame     |     1 |     3 |    11 |     2 ||    17
       Throw Flame       |       |    10 |    48 |    30 ||    88
       Sticky Flame      |       |     3 |    19 |    20 ||    42
       Fireball          |       |       |    15 |    38 ||    53
       Dazzling Spray    |       |       |    13 |       ||    13
  Use: Scroll            |       |       |     1 |     8 ||     9
       Potion            |       |       |     1 |     1 ||     2
 Stab: Invisible         |       |       |     1 |       ||     1
  Eat: Chunk             |     1 |     8 |    17 |     8 ||    34
       Ration            |       |       |     1 |     1 ||     2
Armor: Robe              |     1 |     6 |    14 |     9 ||    30
Dodge: Dodged            |    13 |    23 |    30 |    47 ||   113

Table legend:
 A = Spawn XP
 B = Non-spawn XP
 C = Spawn XP percentage of total XP
 D = Spawn monster count
 E = Non-spawn monster count
 F = Spawn count percentage of total count
 G = Total turns spent on level
                    A         B        C        D         E        F      G
               +---------+---------+-------+---------+---------+-------+---------
         Total |       0 |   14285 |   0.0 |       0 |     229 |   0.0 | 11099
               +---------+---------+-------+---------+---------+-------+---------
           D:1 |       0 |      22 |   0.0 |       0 |      11 |   0.0 |   858
           D:2 |       0 |     164 |   0.0 |       0 |      25 |   0.0 |  1304
           D:3 |       0 |     322 |   0.0 |       0 |      22 |   0.0 |  1008
           D:4 |       0 |     336 |   0.0 |       0 |      11 |   0.0 |   826
           D:5 |       0 |     855 |   0.0 |       0 |      20 |   0.0 |  1690
           D:6 |       0 |    2004 |   0.0 |       0 |      37 |   0.0 |  1433
           D:7 |       0 |    1327 |   0.0 |       0 |      26 |   0.0 |  1968
           D:8 |       0 |    7455 |   0.0 |       0 |      59 |   0.0 |  1508
           D:9 |       0 |    1800 |   0.0 |       0 |      18 |   0.0 |   504
               +---------+---------+-------+---------+---------+-------+---------
